Map: Pillars of Gold LE

Players

Manicx

  • Race: Zerg Zerg
  • League: Gold
  • Spawn Location: 1:00

Erode - Winner!

  • Race: Protoss Protoss
  • League: Gold
  • Spawn Location: 7:00

VOD

Have the link to the VOD?

Description

Time

  • Played on: Aug. 26, 2020, 5:44 p.m.
  • Length: 7:46
Show
View Real Time Build Order
Export as new Build Order

Manicx Zerg 

Build Orders: Pool First 

Get SALT Encoding   

  12  0:01  Drone  
  13  0:26  Spawning Pool  
  12  0:29  Drone  
  13  0:54  Hatchery  
  12  1:00  Drone  
  12  1:02  Drone  
  14  1:11  Overlord  
  14  1:31  Queen  
  16  1:33  Zergling x2  
  16  1:34  Zergling x2  
  16  1:35  Zergling x2  
  19  1:43  Extractor  
  18  1:51  Drone  
  19  2:13  Zergling x4  
  19  2:14  Zergling x2  
  22  2:30  Overlord  
  22  2:33  Zergling x6  
  23  2:59  Zergling x4  
  23  3:00  Zergling x8  
  29  3:08  Drone  
  29  3:22  Metabolic Boost  
  29  3:27  Drone  
  29  3:28  Drone x3  
  33  3:37  Queen  
  34  4:08  Drone  
  35  4:10  Overlord x2  
  35  4:11  Overlord  
  35  4:26  Lair  
  35  4:29  Drone  
  36  4:36  Hatchery  
  35  4:41  Drone x4  
  39  4:53  Drone x3  
  39  4:57  Drone x2  
  44  5:12  Drone  
  44  5:13  Drone x4  
  49  5:26  Evolution Chamber  
  48  5:30  Roach Warren  
  48  5:35  Evolution Chamber  
  46  5:37  Evolution Chamber  
  40  5:50  Zergling x10  
  40  5:51  Zergling x2  
  41  6:06  Queen x2  
  41  6:09  Drone  
  46  6:14  Zergling x6  
  48  6:42  Queen x2  
  48  6:43  Zergling x2  
  48  6:44  Zergling x18  
  50  7:01  Zergling x2  
  50  7:02  Zergling x12  
  53  7:20  Zergling x2  
  53  7:21  Zergling x8  
Show
View Real Time Build Order
Export as new Build Order

Erode Protoss - Winner!

Build Orders:  

Get SALT Encoding   

  12  0:00  Probe  
  13  0:15  Probe  
  13  0:20  Pylon  
  14  0:27  Probe  
  15  0:40  Probe (Chrono Boost)  
  15  0:41  Gateway  
  16  0:51  Assimilator  
  16  0:52  Probe (Chrono Boost)  
  17  0:59  Probe (Chrono Boost)  
  18  1:06  Probe  
  19  1:15  Pylon  
  19  1:31  Cybernetics Core  
  19  1:37  Zealot  
  21  1:43  Probe, Forge  
  21  1:48  Gateway  
  21  1:57  Probe  
  21  1:59  Pylon  
  22  2:03  Warp Gate (Chrono Boost)  
  22  2:09  Probe  
  22  2:12  Stalker (Chrono Boost)  
  25  2:36  Zealot (Chrono Boost)  
  27  2:46  Pylon  
  29  2:51  Stalker (Chrono Boost)  
  29  3:07  Nexus  
  29  3:09  Pylon  
  29  3:27  Probe  
  30  3:34  Assimilator  
  30  3:37  Twilight Council  
  30  3:39  Probe  
  31  3:45  Gateway  
  31  3:51  Sentry, Probe  
  34  3:56  Zealot  
  36  4:18  Gateway  
  36  4:19  Sentry  
  38  4:24  Pylon  
  38  4:35  Probe  
  39  4:40  Pylon  
  39  4:46  Robotics Facility  
  39  4:47  Probe  
  39  4:50  Zealot  
  42  4:55  Stalker  
  44  5:04  Gateway  
  44  5:07  Gateway  
  44  5:10  Charge  
  44  5:22  Forge  
  44  5:24  Pylon  
  44  5:30  Probe  
  44  5:33  Warp Prism (Chrono Boost)  
  47  5:43  Probe  
  47  5:49  Stalker x2  
  52  6:05  Pylon  
  52  6:12  Nexus  
  52  6:25  Gateway  
  52  6:27  Zealot  
  54  6:34  Pylon  
  50  6:45  Zealot x2  
  54  6:49  Stalker  
  56  6:58  Stalker  
  58  7:06  Stalker  
  60  7:10  Probe  
  61  7:22  Zealot  
  61  7:26  Gateway  
  61  7:33  Zealot  
Tags
 
Add a new tag
Caveats
  • Supply blocks, unpowered buildings, or Contaminate may cause inaccurate times.
  • Supply counts are checked every 10 seconds.